AoeStats
← nguyen.tranchk32.dlu

Nomad

510344499Analyzed
2v2 RM · 19h ago on Sep 30, 2026· 42m 48s· 4 players
Game mode
Random Map
Map size
176×176
Population
200
Speed
Normal
Resources
Standard
Victory
Conquest
Starting age
Dark Age
Ending age
Imperial Age
RankedLock teamsTeams togetherTeam positionsShared explorationLock speedFull tech treeHidden civsTurbo modeCheats
Victory
Defeat
🇹🇷 Burgundians · Türkiye
1070
+13
🇻🇳 Vikings · Vietnam
1034
+15
🇫🇷 Vikings · France
1021
-15
🇳🇱 Spanish · Netherlands
989
-13
val_dutch
4:48 Loom
15:02 Feudal Age
15:29 Double-Bit Axe
15:27 Fishing Lines
24:33 Castle Age
22:59 Gold Mining
25:02 Forging
24:54 Scale Mail Armor
25:38 Medium Warships
28:52 Gold Shaft Mining
28:32 Bow Saw
29:15 Gillnets
33:54 Fletching
34:49 Bodkin Arrow
Lo. 80%
12:52 Feudal Age
14:12 Wheelbarrow
13:24 Double-Bit Axe
14:38 Horse Collar
23:33 Castle Age
22:53 Forging
22:50 Scale Barding Armor
23:05 Stone Mining
24:18 Bloodlines
24:24 Loom
25:11 Husbandry
25:51 Iron Casting
aksoy14537540
8:02 Loom
11:39 Double-Bit Axe
14:33 Horse Collar
17:25 Feudal Age
16:07 Gold Mining
17:33 Fishing Lines
19:41 Fletching
19:52 Padded Archer Armor
20:03 Forging
22:46 Castle Age
23:22 Gold Shaft Mining
23:05 Scale Barding Armor
23:25 Gillnets
23:08 Cavalier
24:25 Bow Saw
24:21 Husbandry
27:18 Wheelbarrow
29:38 Two-Man Saw
32:49 Ballistics
38:39 Hand Cart
43:13 Imperial Age
40:54 Bodkin Arrow
41:14 Leather Archer Armor
41:35 Iron Casting
40:49 Demolition Ship
41:39 Medium Warships
nguyen.tranchk32.dlu
6:15 Loom
14:02 Feudal Age
18:40 Castle Age
30:30 Fishing Lines
31:17 Medium Warships
35:23 Fletching
36:53 Double-Bit Axe
37:44 Bodkin Arrow
40:32 Padded Archer Armor
40:54 Ballistics
Connection lost

Rejoining the realm…

Still unreachable

The connection could not be restored.

Session expired

The server has moved on; the page needs a fresh start.